Cogmind - Beta 13 @@@ ROGUE MODE // 2024.05.15 @ 09:16:04 Player: Jason Result: Destroyed by Y-64 Sentinel with Wave Gun Performance ------------- Evolutions (5) 2500 Regions Visited (13) 2600 Robots Destroyed (166) 830 Value Destroyed (5065) 5065 Prototype IDs (40) 800 Alien Tech Used (1) 200 Bonus (1086) 1086 TOTAL SCORE: 13081 Bonus ------- High Alert Combat Kills 352 Follower Combat Kills 220 Aligned with FarCom 300 Met Data Miner 300 Friendly Fire -86 Cogmind --------- Core Integrity 0/1000 Matter 219/300 Energy 99/100 System Corruption 0% Temperature Cool (9) Movement Core (50) Location -5/Factory Parts ------- > --- POWER (1) -------- (None) > --- PROPULSION (5) --- (None) > --- UTILITY (8) ------ (None) > --- WEAPON (3) ------- (None) > --- INVENTORY (5) ---- Armored Medium Treads Field Propulsion Drive Improved Component Analysis Suite Advanced System Restoration Module Falx Peak State ------------ > --- POWER ------------ Fission Core > --- PROPULSION ------- Carbon-fiber Leg Carbon-fiber Leg Carbon-fiber Leg Flexi-carbon Leg Cooled VTOL Module > --- UTILITY ---------- Large Storage Unit Machine Analyzer Transmission Jammer Improved Heavy Armor Plating Hacking Suite > --- WEAPON ----------- Coil Gun Magnetic Acceleration Cannon Katana > --- INVENTORY -------- Micro Nuclear Core Cooled VTOL Module Cooled Cesium-ion Thruster Biomechanical Wings Matter Compressor Structural Scanner Advanced Signal Interpreter Improved Reaction Control System Improved Light Armor Plating Improved Medium Armor Plating Component Analysis Suite High-powered Shock Rifle Improved Grenade Launcher Concussive RPG Heavy Rocket Launcher [Rating: 64] Favorites ----------- Power Improved Ion Engine Engine Improved Ion Engine Power Core Micro Nuclear Core Propulsion Carbon-fiber Leg Treads Light Treads Leg Carbon-fiber Leg Wheel Wheel Flight Unit Cooled VTOL Module Utility Large Storage Unit Device Structural Scanner Storage Large Storage Unit Processor Machine Analyzer Hackware Hacking Suite Protection Hardened Heavy Armor Plating Weapon Katana Energy Gun Medium Laser Energy Cannon Particle Cannon Ballistic Gun Coil Gun Ballistic Cannon Gauss Cannon Launcher Rocket Launcher Special Weapon Improved Plasma Cutter Impact Weapon Makeshift Hammer Slashing Weapon Katana Build | -11 -10 -10 -9 -9 -9 -8 -8 -7 -6 -6 -6 -5 -5 ------- Run | Yrd Mat Min Mat Min Exi Min Mat Fac Fac Low Dat Pro Fac Slots Evolved 10 | . . . 2 . . . 2 2 2 . . . 2 Power . | . . . . . . . . . . . . . . Propulsion 3 | . . . 2 . . . 1 . . . . . . Utility 6 | . . . . . . . 1 1 2 . . . 2 Weapon 1 | . . . . . . . . 1 . . . . . Parts Attached 203 | 7 7 3 28 16 . 13 13 24 66 . 1 11 14 Power 14 | 1 . . 1 1 . . 2 2 6 . . . 1 Engine 8 | 1 . . 1 1 . . 2 2 . . . . 1 Core 6 | . . . . . . . . . 6 . . . . Reactor . | . . . . . . . . . . . . . . Propulsion 49 | 2 1 2 14 1 . 3 4 5 14 . 1 . 2 Treads 20 | 2 . 2 10 1 . . 3 1 . . . . 1 Leg 18 | . 1 . 2 . . 2 . 4 8 . . . 1 Wheel 5 | . . . 2 . . 1 1 . 1 . . . . Hover . | . . . . . . . . . . . . . . Flight 6 | . . . . . . . . . 5 . 1 . . Utility 54 | 2 2 1 1 5 . 2 4 3 22 . . 4 8 Device 31 | 1 1 1 1 3 . . 3 . 13 . . 4 4 Storage 7 | 1 1 . . . . 1 1 . 1 . . . 2 Processor 2 | . . . . . . . . 1 . . . . 1 Hackware 2 | . . . . . . . . . 1 . . . 1 Protection 12 | . . . . 2 . 1 . 2 7 . . . . Artifact . | . . . . . . . . . . . . . . Weapon 86 | 2 4 . 12 9 . 8 3 14 24 . . 7 3 Energy Gun 9 | . 2 . 3 . . . . 1 2 . . 1 . Energy Cannon 1 | . . . 1 . . . . . . . . . . Ballistic Gun 26 | 2 1 . 4 5 . 4 . 2 6 . . 2 . Ballistic Cannon 8 | . . . . . . . . 5 2 . . 1 . Launcher 15 | . . . 1 2 . 3 1 2 4 . . 1 1 Special Weapon 9 | . 1 . 1 1 . 1 1 1 1 . . 1 1 Impact Weapon 3 | . . . 2 . . . . . . . . 1 . Slashing Weapon 15 | . . . . 1 . . 1 3 9 . . . 1 Piercing Weapon . | . . . . . . . . . . . . . . Special Melee Weapon . | . . . . . . . . . . . . . . Unidentified Prototypes 3 | . . . . 1 . . . . 1 . . 1 . Parts Lost 55 | . 2 . 3 1 . 3 12 3 14 . . 12 5 Power 7 | . . . 1 1 . . 2 . 1 . . 1 1 Propulsion 20 | . 1 . 1 . . 2 5 1 7 . . 3 . Utility 15 | . . . . . . 1 2 2 3 . . 5 2 Weapon 13 | . 1 . 1 . . . 3 . 3 . . 3 2 Highest Loss Streak 7 | . 1 . 3 1 . 2 7 1 5 . . 7 5 To Critical Strikes . | . . . . . . . . . . . . . . Average Slot Usage (%) 88 | . 99 100 98 99 100 98 73 77 90 80 79 76 25 Engine 6 | . 14 14 10 10 11 11 8 6 . . . . 2 Core 2 | . . . . . . . . . 5 6 6 5 . Treads 14 | . 27 21 36 44 44 31 13 7 . . . . . Leg 13 | . . 6 4 . . 10 8 17 28 . . . 1 Flight 2 | . . . . . . . . . 2 26 31 29 . Device 6 | . 14 14 11 6 . . 5 2 5 13 13 10 7 Storage 9 | . 14 14 11 11 11 16 11 11 6 6 6 5 2 Processor 2 | . . . . . . . . 4 6 6 6 5 . Hackware 1 | . . . . . . . . . 4 . . . 3 Protection 4 | . . . . 3 11 5 3 6 7 13 13 6 . Energy Gun 2 | . 8 14 2 . . . . 6 . . . . . Ballistic Gun 10 | . 18 14 15 21 22 20 11 . 6 . . . . Ballistic Cannon 2 | . . . . . . . . 3 5 6 . 2 . Slashing Weapon 1 | . . . . . . . . 2 4 . . . . Naked Turns 176 | . . . . . . . . . . . . 30 146 Heaviest Build 72 | 15 30 30 32 38 37 39 38 65 72 38 31 34 17 Greatest Support 80 | 40 40 40 80 80 80 80 12 60 80 31 31 31 27 Greatest Overweight (x) 6 | . 1 1 1 . . 3 3 4 5 1 . 6 2 Average Overweight (x) . | . . . . . . . 2 1 . . . . . Largest Inventory Capacity 15 | 8 15 15 15 15 15 15 15 15 15 10 10 10 5 Average Capacity 13 | 7 11 15 15 15 15 15 15 15 14 10 10 9 5 Most Carried 15 | 7 10 15 15 15 15 15 15 15 15 10 10 10 5 Average Carried 12 | 4 7 13 14 14 14 14 13 12 14 9 9 9 3 Final Capacity 15 | 8 15 15 15 15 15 15 15 15 10 10 10 5 5 Final Carried 15 | 7 10 15 15 15 15 15 8 15 10 10 10 5 5 Class Distribution -------------------- 37% | Scavenger-Mutant 27% | Mutant 17% | Scavenger-Assassin 7% | Scavenger-Skirmisher 4% | Sprinter 3% | Skirmisher Dominant Class ---------------- Mutant | -10/Materials Mutant | -10/Mines Scavenger-Mutant | -9/Materials Scavenger-Mutant | -9/Mines Scavenger-Mutant | -9/Exiles Scavenger-Mutant | -8/Mines Scavenger-Mutant | -8/Materials Scavenger-Mutant | -7/Factory Scavenger-Assassin | -6/Factory Sprinter | -6/Lower Caves Sprinter | -6/Data Miner Sprinter | -5/Proximity Caves Mutant | -5/Factory Resources | -11 -10 -10 -9 -9 -9 -8 -8 -7 -6 -6 -6 -5 -5 ----------- Run | Yrd Mat Min Mat Min Exi Min Mat Fac Fac Low Dat Pro Fac Matter Collected 4599 | 333 282 128 617 418 . 275 159 385 1550 17 . 314 121 Remotely . | . . . . . . . . . . . . . . Salvage Created 4727 | 122 291 5 670 601 . 358 345 815 1399 . . 104 17 Parts 379 | 24 27 1 61 38 . 23 26 47 118 . . 12 2 Haulers Intercepted 5 | . . . 3 . . . 1 1 . . . . . Recyclers Shooed 1 | . . . . 1 . . . . . . . . . Parts Field Recycled . | . . . . . . . . . . . . . . Retrieved Matter . | . . . . . . . . . . . . . . Parts Self-Destructed 8 | . . . . . . . . . . . . 8 . Prevented 1 | . . . . . . . . . . . . 1 . Kills | -11 -10 -10 -9 -9 -9 -8 -8 -7 -6 -6 -6 -5 -5 ------- Run | Yrd Mat Min Mat Min Exi Min Mat Fac Fac Low Dat Pro Fac Combat Hostiles Destroyed 115 | . 9 . 15 20 . 11 10 18 27 . . 5 . Melee 2 | . . . . . . . . . 1 . . 1 . Guns 61 | . 9 . 11 12 . 4 3 13 9 . . . . Cannons 20 | . . . . 1 . . 4 5 9 . . 1 . AOE 31 | . . . 4 7 . 7 2 . 8 . . 3 . Classes Destroyed 14 | 2 4 . 3 1 . 1 . 3 . . . . . Worker 16 | 1 2 1 1 1 . . 2 2 5 . . . 1 Builder 16 | . 1 . . . . 1 2 . 12 . . . . Tunneler 8 | 6 . . . 1 . . . . 1 . . . . Hauler 5 | . . . 3 . . . 1 1 . . . . . Recycler 2 | . 1 . . . . . . . 1 . . . . Watcher 4 | . . . 2 . . . . 1 1 . . . . Swarmer 37 | . 6 . 7 7 . 3 4 . 6 . . 4 . Grunt 41 | . 3 . 2 12 . 6 5 9 4 . . . . Brawler 2 | . . . . . . 1 . . 1 . . . . Duelist 3 | . . . . 1 . 1 . 1 . . . . . Protector 2 | . . . . . . . . 1 1 . . . . Sentry 13 | . . . 6 . . . 1 1 4 . . 1 . Hunter 4 | . . . . . . . . 3 1 . . . . Programmer 13 | . . . . . . . . 3 10 . . . . Best Kill Streak 12 | 3 4 1 5 4 . 3 5 4 12 . . 4 1 Combat Bots Only 5 | . 3 . 4 4 . 3 5 3 4 . . 4 . Max Kills in Single Turn 7 | 1 1 1 3 2 . 2 4 2 7 . . 3 1 Gunslinging . | . . . . . . . . . . . . . . Exploded 3 | . . . 3 2 . 2 2 . 2 . . 3 . Melee 1 | . . . . . . . . . 1 . . 1 . Uniques/NPCs Destroyed . | . . . . . . . . . . . . . . Combat | -11 -10 -10 -9 -9 -9 -8 -8 -7 -6 -6 -6 -5 -5 -------- Run | Yrd Mat Min Mat Min Exi Min Mat Fac Fac Low Dat Pro Fac Hostile Shots Fired 864 | . 60 . 59 62 . 28 103 83 271 15 . 87 96 Missed 287 | . 15 . 19 18 . 13 36 25 89 6 . 28 38 Damage Taken 10516 | . 533 . 720 738 . 237 1015 1179 3203 148 . 1129 1614 Core 2234 | . 79 . 121 41 . 18 198 143 279 33 . 319 1003 Absorbed by Shields 40 | . . . . . . . . . 40 . . . . Regen/Repaired (Parts) 687 | . . . 112 . . . . . 575 . . . . Core Remaining (%) 65 | 100 . 68 . . . 55 64 79 . . . 25 . Volleys Fired 322 | 22 50 3 47 35 . 18 21 27 76 1 . 6 16 Largest 3 | 2 2 2 2 2 . 2 2 1 3 1 . 2 1 Hottest 143 | 40 120 70 118 108 . 103 103 48 143 53 . 83 36 Shots Fired 663 | 44 96 6 84 67 . 36 42 101 163 1 . 7 16 Gun 505 | 44 92 6 72 57 . 27 32 75 99 . . 1 . Cannon 86 | . . . 9 . . . . 20 53 1 . 3 . Launcher 32 | . . . 2 5 . 6 2 6 9 . . 1 1 Special 40 | . 4 . 1 5 . 3 8 . 2 . . 2 15 Kinetic 453 | 44 62 3 61 57 . 27 32 21 141 1 . 4 . Thermal 167 | . 34 3 21 5 . 3 8 74 2 . . 2 15 Explosive 32 | . . . 2 5 . 6 2 6 9 . . 1 1 Electromagnetic 11 | . . . . . . . . . 11 . . . . Robot Hit Streak 21 | 8 12 9 21 8 . 6 20 10 9 . . 4 9 Robot Miss Streak 6 | 1 3 2 3 5 . 2 2 6 3 2 . 2 3 Penetration Max 1 | . . . . . . . 1 . 1 . . . . Secondary Targets . | . . . . . . . . . . . . . . Autonomous 75 | . . . . . . . . 75 . . . . . Shots Hit Robots 446 | 30 65 4 60 45 . 21 26 75 107 . . 6 7 Core Hits 255 | 8 19 1 32 26 . 24 19 44 72 . . 6 4 Critical Kills 3 | . . . 1 . . . . . 2 . . . . Critical Parts Destroyed 4 | . . . . 1 . . 1 . 1 . . 1 . Critical Strikes 17 | . 2 . 1 1 . . 2 3 7 . . 1 . Burn 3 | . 2 . . . . . 1 . . . . . . Destroy 6 | . . . 1 1 . . 1 . 3 . . . . Blast 6 | . . . . . . . . 3 3 . . . . Smash 1 | . . . . . . . . . . . . 1 . Sever 1 | . . . . . . . . . 1 . . . . Melee Attacks 130 | . . . 4 1 . . 3 15 102 . . 3 2 Impact 7 | . . . 4 . . . . . . . . 3 . Slashing 123 | . . . . 1 . . 3 15 102 . . . 2 Piercing . | . . . . . . . . . . . . . . Sneak Attacks 13 | . . . . . . . . 2 11 . . . . Combat Hostiles . | . . . . . . . . . . . . . . Follow-up Attacks . | . . . . . . . . . . . . . . Damage Inflicted 13864 | 385 825 45 1189 1155 . 673 925 2742 5377 . . 397 151 Guns 6112 | 385 790 44 791 644 . 248 359 1476 1354 . . 21 . Cannons 1317 | . . . 82 . . . . 338 804 . . 93 . Explosions 4982 | . . . 249 454 . 392 481 784 2357 . . 231 34 Melee 1061 | . . . 67 . . . . 128 832 . . 34 . Ramming 62 | . 11 1 . 2 . 2 . 16 30 . . . . Kinetic 5453 | 385 554 20 729 644 . 248 359 338 2062 . . 114 . Thermal 3325 | . 260 24 144 55 . 31 85 1577 1014 . . 18 117 Explosive 3867 | . . . 249 454 . 392 481 683 1343 . . 231 34 Electromagnetic 84 | . . . . . . . . . 84 . . . . Impact 113 | . . . 67 . . . . . 12 . . 34 . Slashing 960 | . . . . . . . . 128 832 . . . . Piercing . | . . . . . . . . . . . . . . Highest Corruption 8 | . . . . . . . 1 . 8 2 2 2 . Average Corruption 2 | . . . . . . . 1 . 3 2 2 1 . Corruption Purged 15 | . . . . . . . . . 13 . . 2 . Corruption Blocked . | . . . . . . . . . . . . . . Effects 79 | . . . . . . . 2 . 68 3 2 4 . Message Errors 19 | . . . . . . . . . 15 2 . 2 . Matter Fused 15 | . . . . . . . . . 15 . . . . Heat Flow Errors 9 | . . . . . . . . . 9 . . . . Energy Discharges 9 | . . . . . . . 1 . 7 . 1 . . Parts Rejected 1 | . . . . . . . 1 . . . . . . Parts Fused 2 | . . . . . . . . . 2 . . . . Data Loss (minor) 9 | . . . . . . . . . 5 1 1 2 . Data Loss (major) 9 | . . . . . . . . . 9 . . . . Misfires 5 | . . . . . . . . . 5 . . . . Alerts 1 | . . . . . . . . . 1 . . . . Overload Shots . | . . . . . . . . . . . . . . Overflow Damage 621 | . . . . 40 . . 5 136 406 . . 34 . Projectiles 35 | . . . . . . . . . 35 . . . . Explosions 374 | . . . . 40 . . 5 136 193 . . . . Melee 212 | . . . . . . . . . 178 . . 34 . Knockbacks 3 | . . . . . . . . 2 1 . . . . Impact . | . . . . . . . . . . . . . . Kinetic 3 | . . . . . . . . 2 1 . . . . Secondary . | . . . . . . . . . . . . . . Self-Inflicted Damage 600 | . . . 91 78 . . . 169 231 . . 24 7 Shots 16 | . . . 2 4 . . . 2 6 . . 1 1 Rammed 2 | . 1 . . 1 . . . . . . . . . Targets Rammed 8 | . 1 1 . 2 . 1 . 1 2 . . . . Kicked 3 | . . . . . . . . 1 2 . . . . Crushed 3 | . . 1 . 1 . 1 . . . . . . . Highest Temperature 427 | . 99 9 91 180 . 105 102 79 427 4 . 30 . Average Temperature 70 | . 25 6 28 56 . 40 33 19 110 3 . 11 . Received Heat Transfer 2408 | . 279 . 81 213 . 126 450 363 404 24 . 225 243 Effects 3 | . . . . . . . . . 3 . . . . Shutdowns 1 | . . . . . . . . . 1 . . . . Interference 1 | . . . . . . . . . 1 . . . . Matter Decay 1 | . . . . . . . . . 1 . . . . Siege Activations . | . . . . . . . . . . . . . . Robots Corrupted . | . . . . . . . . . . . . . . Combat Hostiles . | . . . . . . . . . . . . . . Parts Fried 1 | . . . . . . . . . . . . 1 . Impact Corruptions 2 | . . . . . . . . . . . . 2 . Robots Melted 1 | . . . . . . . 1 . . . . . . Combat Hostiles 1 | . . . . . . . 1 . . . . . . Parts Melted 6 | . 2 . 1 . . . . 3 . . . . . Heat Transferred 5614 | . 901 74 333 400 . 240 800 1845 725 . . 37 259 Parts Sabotaged . | . . . . . . . . . . . . . . Parts Stolen 1 | . . . . . . . . . . 1 . . . Parts Stripped . | . . . . . . . . . . . . . . Power Chain Reactions 1 | . . . . . . . . . 1 . . . . Alert | -11 -10 -10 -9 -9 -9 -8 -8 -7 -6 -6 -6 -5 -5 ------- Run | Yrd Mat Min Mat Min Exi Min Mat Fac Fac Low Dat Pro Fac Peak Influence 1171 | 35 200 36 359 414 . 155 398 687 1171 . . . 88 Initial 336 | . 22 36 . 107 . . 36 176 336 . . . 9 Average 244 | 13 79 12 204 225 . 75 175 438 372 . . . 17 Maximum Alert Level 4 | . 1 . 1 2 . . 1 2 4 . . . . Low Security (%) 53 | 100 93 100 35 42 . 100 57 21 33 . . . 100 Level 1 29 | . 6 . 64 52 . . 42 18 41 . . . . Level 2 10 | . . . . 5 . . . 59 7 . . . . Level 3 6 | . . . . . . . . . 17 . . . . Level 4 . | . . . . . . . . . . . . . . Level 5 . | . . . . . . . . . . . . . . High Security . | . . . . . . . . . . . . . . Max Security . | . . . . . . . . . . . . . . Squads Dispatched 38 | . 2 1 2 . . . 2 10 18 . . 1 2 Investigation 10 | . 1 . 1 . . . . 4 4 . . . . Extermination 10 | . . . . . . . . 2 7 . . . 1 Reinforcement 8 | . 1 . 1 . . . 2 1 2 . . . 1 Assault 7 | . . 1 . . . . . 3 2 . . 1 . Garrison 3 | . . . . . . . . . 3 . . . . Intercept . | . . . . . . . . . . . . . . Searches Triggered . | . . . . . . . . . . . . . . Construction Impeded 3 | . . . . . . . 1 . 2 . . . . Haulers Reinforced . | . . . . . . . . . . . . . . Active Scanning Responses . | . . . . . . . . . . . . . . Cargo Convoy Interrupts . | . . . . . . . . . . . . . . Stealth | -11 -10 -10 -9 -9 -9 -8 -8 -7 -6 -6 -6 -5 -5 --------- Run | Yrd Mat Min Mat Min Exi Min Mat Fac Fac Low Dat Pro Fac Distress Signals 5 | . . . 2 . . . 2 . 1 . . . . Communications Jammed 7 | . . . . . . . . . 7 . . . . Distress Signals 7 | . . . . . . . . . 7 . . . . Times Spotted 245 | . 26 2 31 23 . 13 26 30 58 2 . 19 15 Peak Tracking Total 14 | . 4 2 4 4 . 3 11 6 14 1 . 8 6 Tactical Retreats 24 | . 4 . . 1 . 1 2 . 5 . . 5 6 Traps | -11 -10 -10 -9 -9 -9 -8 -8 -7 -6 -6 -6 -5 -5 ------- Run | Yrd Mat Min Mat Min Exi Min Mat Fac Fac Low Dat Pro Fac Traps Triggered 15 | . 1 . . 1 . . 3 . 9 . . . 1 Indirectly . | . . . . . . . . . . . . . . Trap Hack Attempts . | . . . . . . . . . . . . . . Triggered . | . . . . . . . . . . . . . . Disarmed . | . . . . . . . . . . . . . . Reprogrammed . | . . . . . . . . . . . . . . Reused . | . . . . . . . . . . . . . . Traps Extracted . | . . . . . . . . . . . . . . Installed 4 | . . . . 4 . . . . . . . . . Triggered . | . . . . . . . . . . . . . . Machines | -11 -10 -10 -9 -9 -9 -8 -8 -7 -6 -6 -6 -5 -5 ---------- Run | Yrd Mat Min Mat Min Exi Min Mat Fac Fac Low Dat Pro Fac Machines Disabled 45 | . . . . 2 . 4 2 9 27 . . 1 . Max in Single Turn 15 | . . . . 1 . 2 1 4 15 . . 1 . Garrison Access 2 | . . . . . . . . 1 1 . . . . Machines Repaired . | . . . . . . . . . . . . . . Machines Dismantled . | . . . . . . . . . . . . . . Machines Sabotaged . | . . . . . . . . . . . . . . Overloaded Fab Kills . | . . . . . . . . . . . . . . Hacking | -11 -10 -10 -9 -9 -9 -8 -8 -7 -6 -6 -6 -5 -5 --------- Run | Yrd Mat Min Mat Min Exi Min Mat Fac Fac Low Dat Pro Fac Machines Accessed 52 | . 3 . 8 3 1 . 1 8 21 . 4 1 2 Terminals 30 | . 3 . 6 2 . . 1 6 11 . . . 1 Fabricators 5 | . . . . . . . . 1 3 . . . 1 Repair Stations 4 | . . . 1 . . . . . 3 . . . . Recycling Units 1 | . . . . . . . . . 1 . . . . Scanalyzers 3 | . . . 1 . . . . . 2 . . . . Garrison Access 2 | . . . . . . . . 1 1 . . . . Total Hacks 186 | . 9 . 38 6 1 . 3 25 69 . 31 1 3 Successful 118 | . 4 . 25 5 1 . 1 10 39 . 31 1 1 Failed 68 | . 5 . 13 1 . . 2 15 30 . . . 2 Catastrophic 9 | . . . 2 . . . 1 3 1 . . . 2 Database Lockouts . | . . . . . . . . . . . . . . Manual 64 | . 9 . 16 2 1 . 1 12 21 . 1 . 1 Terminals 98 | . 9 . 22 5 . . 3 21 37 . . . 1 Fabricators 13 | . . . . . . . . 1 10 . . . 2 Repair Stations 11 | . . . 3 . . . . . 8 . . . . Recycling Units 1 | . . . . . . . . . 1 . . . . Scanalyzers 24 | . . . 13 . . . . . 11 . . . . Garrison Access 5 | . . . . . . . . 3 2 . . . . Terminal Hacks 54 | . 1 . 4 4 1 . . 4 8 . 31 1 . Record 18 | . . . 1 1 . . . 3 1 . 11 1 . Part Schematic 13 | . . . . . . . . . . . 13 . . Robot Schematic 5 | . . . . . . . . . 1 . 4 . . Prototype ID Bank 3 | . . . . . . . . . . . 3 . . Open Door 1 | . . . . 1 . . . . . . . . . Level Access Points 1 | . . . . . . . . . 1 . . . . Branch Access Points 3 | . 1 . 1 . . . . . 1 . . . . Alert Level 2 | . . . . . . . . . 2 . . . . Registered Components 1 | . . . 1 . . . . . . . . . . Registered Prototypes 1 | . . . . . . . . . 1 . . . . Zone Layout 5 | . . . 1 2 . . . 1 1 . . . . Derelict Proto ID Bank 1 | . . . . . 1 . . . . . . . . Fabricator Hacks 8 | . . . . . . . . 1 6 . . . 1 Network Status 4 | . . . . . . . . . 3 . . . 1 Load Schematic 2 | . . . . . . . . . 2 . . . . Build 2 | . . . . . . . . 1 1 . . . . Repair Station Hacks 8 | . . . 3 . . . . . 5 . . . . Scan Component 5 | . . . 2 . . . . . 3 . . . . Repair 3 | . . . 1 . . . . . 2 . . . . Recycling Unit Hacks 1 | . . . . . . . . . 1 . . . . Report Inventory 1 | . . . . . . . . . 1 . . . . Scanalyzer 23 | . . . 13 . . . . . 10 . . . . Insert Component 11 | . . . 7 . . . . . 4 . . . . Analyze 12 | . . . 6 . . . . . 6 . . . . Garrison Access Hacks 1 | . . . . . . . . . 1 . . . . Seal Access 1 | . . . . . . . . . 1 . . . . Unauthorized Hacks 23 | . 3 . 5 1 . . 1 5 8 . . . . Terminals 23 | . 3 . 5 1 . . 1 5 8 . . . . Botnet 23 | . 3 . 5 1 . . 1 5 8 . . . . Fabricators . | . . . . . . . . . . . . . . Repair Stations . | . . . . . . . . . . . . . . Recycling Units . | . . . . . . . . . . . . . . Scanalyzers . | . . . . . . . . . . . . . . Garrison Access . | . . . . . . . . . . . . . . Data Cores Recovered . | . . . . . . . . . . . . . . Used . | . . . . . . . . . . . . . . Hacking Detections 41 | . 2 . 8 2 . . 1 7 19 . . . 2 Full Trace Events 9 | . . . 1 . . . . 4 4 . . . . Feedback Events . | . . . . . . . . . . . . . . Feedback Blocked . | . . . . . . . . . . . . . . Robot Schematics Acquired 5 | . . . . . . . . . 1 . 4 . . Robots Built 1 | . . . . . . . . 1 . . . . . Authchips . | . . . . . . . . . . . . . . Time 81 | . . . . . . . . 81 . . . . . Total Robot Build Rating 1 | . . . . . . . . 1 . . . . . Part Schematics Acquired 21 | . . . 5 . . . . . 3 . 13 . . Parts Built 1 | . . . . . . . . . 1 . . . . Authchips . | . . . . . . . . . . . . . . Time 152 | . . . . . . . . . 152 . . . . Total Part Build Rating 5 | . . . . . . . . . 5 . . . . Parts Repaired 3 | . . . 1 . . . . . 2 . . . . Time 184 | . . . 26 . . . . . 158 . . . . Parts Recycled . | . . . . . . . . . . . . . . Recycled Matter . | . . . . . . . . . . . . . . Retrieved Matter . | . . . . . . . . . . . . . . Retrieved Components . | . . . . . . . . . . . . . . Parts Scanalyzed 9 | . . . 5 . . . . . 4 . . . . Part Schematics Acquired 8 | . . . 5 . . . . . 3 . . . . Parts Damaged 2 | . . . . . . . . . 2 . . . . Bothacking | -11 -10 -10 -9 -9 -9 -8 -8 -7 -6 -6 -6 -5 -5 ------------ Run | Yrd Mat Min Mat Min Exi Min Mat Fac Fac Low Dat Pro Fac Used RIF Installer . | . . . . . . . . . . . . . . Robots Hacked . | . . . . . . . . . . . . . . Non-combat . | . . . . . . . . . . . . . . Combat . | . . . . . . . . . . . . . . Robot Hacks Applied . | . . . . . . . . . . . . . . Relay Couplers Released 5 | . . . . . . . . 2 3 . . . . Machine Destruction 2 | . . . . . . . . 2 . . . . . Programmers 3 | . . . . . . . . . 3 . . . . Fabnet Peak Effective % . | . . . . . . . . . . . . . . Robots Rewired 1 | . . . . . . 1 . . . . . . . Allies Hacked 1 | . . . . . . . . 1 . . . . . Hacks Repelled . | . . . . . . . . . . . . . . Allies | -11 -10 -10 -9 -9 -9 -8 -8 -7 -6 -6 -6 -5 -5 -------- Run | Yrd Mat Min Mat Min Exi Min Mat Fac Fac Low Dat Pro Fac Total Allies 8 | . . 1 . 1 . 1 . 1 3 . . 1 . Largest Group 3 | . . 1 1 1 . 1 . 1 3 . . 1 . Highest-Rated Group 96 | . . 31 31 31 . 16 . 6 93 . . 96 . Highest-Rated Ally 96 | . . 31 31 31 . 16 . 6 31 . . 96 . Total Orders . | . . . . . . . . . . . . . . Ally Attacks 59 | . . . 28 5 . 3 . . 12 . . 11 . Total Damage 1069 | . . . 402 82 . 17 . . 230 . . 338 . Kills 13 | . . . 9 1 . . . . 1 . . 2 . Allies Corrupted . | . . . . . . . . . . . . . . Allies Melted . | . . . . . . . . . . . . . . Intel | -11 -10 -10 -9 -9 -9 -8 -8 -7 -6 -6 -6 -5 -5 ------- Run | Yrd Mat Min Mat Min Exi Min Mat Fac Fac Low Dat Pro Fac Robot Analysis Total . | . . . . . . . . . . . . . . Derelict Logs Recovered 6 | . . 2 . 1 . . . . . . . 3 . Drone Launches . | . . . . . . . . . . . . . . Drone Recoveries . | . . . . . . . . . . . . . . Exploration | -11 -10 -10 -9 -9 -9 -8 -8 -7 -6 -6 -6 -5 -5 ------------- Run | Yrd Mat Min Mat Min Exi Min Mat Fac Fac Low Dat Pro Fac Turns Passed 17299 | 397 1049 1434 1499 1341 524 1098 370 1777 5821 129 92 881 887 Spaces Moved 11238 | 181 513 675 793 696 327 598 210 1029 3602 340 167 1272 835 Core 640 | 1 . . . . . . . . . . . 61 578 Treads 3503 | 180 513 675 578 696 327 520 . . . . . . 14 Legs 4246 | . . . 83 . . . . 607 3313 . . . 243 Wheels 1110 | . . . 132 . . 78 210 422 268 . . . . Hover . | . . . . . . . . . . . . . . Flight 1739 | . . . . . . . . . 21 340 167 1211 . Fastest Speed 27 | 50 160 160 95 160 160 125 120 120 99 27 27 27 50 Average Speed 124 | 159 163 191 152 160 160 155 123 151 126 28 27 46 80 Slowest Speed 425 | 160 240 240 240 160 160 160 125 190 330 99 27 425 170 Overloaded Moves . | . . . . . . . . . . . . . . Propulsion Burnouts . | . . . . . . . . . . . . . . Robots Hopped . | . . . . . . . . . . . . . . Cave-ins Triggered . | . . . . . . . . . . . . . . Exploration Rate (%) 57 | 11 66 97 45 87 65 99 27 18 62 45 75 91 14 Regions Visited 13 Branch Regions 7 Pre-discovered Areas 2 | . . 1 . . . . . . . . 1 . . Known Exits Taken 5 | . 1 . 1 . . 1 . . 1 . . 1 . Unknown Exits Taken 8 | 1 . 1 . 1 1 . 1 1 . 1 1 . . Scrap Searched 9 | . . 1 . 1 . 2 . . . 1 . 4 . Spaces Dug 108 | . 3 . 1 1 . . 3 14 84 . . . 2 Terrain Destroyed 569 | . 3 . 33 41 . 41 17 184 229 1 . 11 9 Melee 98 | . . . . 1 . . 3 12 80 . . . 2 Projectile 52 | . 3 . 1 1 . 1 . 24 21 1 . . . AOE 419 | . . . 32 39 . 40 14 148 128 . . 11 7 Terrain Rammed . | . . . . . . . . . . . . . . Walls Destroyed . | . . . . . . . . . . . . . . Machines Disabled . | . . . . . . . . . . . . . . Actions | -11 -10 -10 -9 -9 -9 -8 -8 -7 -6 -6 -6 -5 -5 --------- Run | Yrd Mat Min Mat Min Exi Min Mat Fac Fac Low Dat Pro Fac Total 13723 | 242 618 807 988 848 329 722 267 1200 4559 371 213 1552 1007 Wait 1621 | 26 45 118 92 83 . 88 19 83 637 29 44 242 115 Move 11225 | 180 512 674 792 695 326 597 209 1028 3601 339 166 1271 835 Hop . | . . . . . . . . . . . . . . Pick Up 90 | 7 3 6 9 4 1 1 1 14 32 1 1 7 3 Fast Attach 58 | 7 1 . 8 3 . 3 2 6 14 . . 6 8 Attach 46 | . 1 1 5 . . 1 8 5 16 . 1 2 6 Detach 10 | . . . 1 . . . . 2 4 . . . 3 Swap 100 | . 5 2 15 13 . 9 3 13 36 . . 4 . Drop 78 | . . 2 15 8 2 1 1 6 34 1 1 7 . Fire 322 | 22 50 3 47 35 . 18 21 27 76 1 . 6 16 Melee 130 | . . . 4 1 . . 3 15 102 . . 3 2 Ram . | . . . . . . . . . . . . . . Kick 3 | . . . . . . . . 1 2 . . . . Crush 5 | . 1 1 . 2 . 1 . . . . . . . Escape Stasis 20 | . . . . . . . . . 5 . . . 15 Rewire 7 | . . . . . . 3 . . . . . 4 . Trap 4 | . . . . 4 . . . . . . . . . Miscellaneous 4 | . . . . . . . . . . . . . 4 Route ------- -11/Scrapyard -10/Materials (discovered 3 exits: *Mat / *Min x2) -10/Mines (discovered 2 exits: *Mat x2) -9/Materials (discovered 2 exits: *Mat / *Min) -9/Mines (discovered 2 exits: *Mat / *Exi) -9/Exiles (discovered 2 exits: [*Min x2]) -8/Mines (discovered 2 exits: *Mat x2) -8/Materials -7/Factory -6/Factory (discovered 6 exits: *Fac x4 / *Low x2) -6/Lower Caves (discovered 2 exits: [*Low] / *Dat) -6/Data Miner -5/Proximity Caves -5/Factory History --------- Turn | Location | Event 19 | -11/Scrapyard | Discovered new exit (range 15) 398 | -11/Scrapyard | Entered Materials 399 | -10/Materials | Build established: Mutant 663 | -10/Materials | Discovered new exit (range 11) 919 | -10/Materials | Discovered new exit (range 3) 1011 | -10/Materials | Identified exit to Mines 1447 | -10/Materials | Entered Mines 1454 | -10/Mines | Received a Rocket Launcher from a helpful Derelict 1455 | -10/Mines | Met a Derelict bent on vengeance 1873 | -10/Mines | Discovered new exit (range 9) 2069 | -10/Mines | Joined a pair of Derelicts in attacking an 0b10 outpost 2269 | -10/Mines | Learned Materials terminal intel 2543 | -10/Mines | Learned location of Zion (-7) 2856 | -10/Mines | Discovered new exit (range 11) 2859 | -10/Mines | Met a Derelict testing a Signal Generator 2881 | -10/Mines | Entered Materials 2881 | -9/Materials | Accompanied by 1 ally 2881 | -9/Materials | Evolved 2 slots: Propulsion x2 2882 | -9/Materials | Loaded intel: 12 terminal locations 3088 | -9/Materials | Lost 3 parts (1p1n1w) 3299 | -9/Materials | Identified exit to Mines 3299 | -9/Materials | Discovered new exit (range 13) 3358 | -9/Materials | Build established: Scavenger-Mutant 3566 | -9/Materials | Repaired Lgt. Treads 4380 | -9/Materials | Entered Mines 4435 | -9/Mines | Identified exit to Materials 4506 | -9/Mines | Met a Derelict who couldn't figure out how to use a Trap Extractor 4624 | -9/Mines | Found a hidden stash of uninstalled traps 4748 | -9/Mines | Excavation squad dispatched 4748 | -9/Mines | A large section of the Mines collapsed 4797 | -9/Mines | A weapon hastily lodged in a ceiling crevice suddenly fell to the ground 5042 | -9/Mines | Received a Mining Laser from a helpful Derelict 5561 | -9/Mines | Found a damaged Exp. Sensor Array with a note attached 5570 | -9/Mines | Found Prototype Device 5570 | -9/Mines | Identified Exp. Sensor Array 5710 | -9/Mines | Deemed a non-threat by the Exiles lab entrance 5712 | -9/Mines | Discovered new exit (range 5) 5721 | -9/Mines | Entered Exiles 5761 | -9/Exiles | Discovered new exit (range 15) 5795 | -9/Exiles | Met 8R-AWN 5824 | -9/Exiles | Met EX-HEX 5889 | -9/Exiles | Met EX-BIN 5918 | -9/Exiles | Aligned with FarCom system 5920 | -9/Exiles | Given EX-Vault access code 5971 | -9/Exiles | Opened EX-Vault 5999 | -9/Exiles | Found AWS/Thermal 6035 | -9/Exiles | Warned to stay clear of 0b10 Research branches 6090 | -9/Exiles | Met EX-DEC 6216 | -9/Exiles | Discovered new exit (range 14) 6245 | -9/Exiles | Left Exiles lab with AWS/Thermal 6245 | -9/Exiles | Entered Mines 6564 | -8/Mines | Discovered exit to Materials (range 11) 7289 | -8/Mines | Discovered exit to Materials (range 16) 7343 | -8/Mines | Entered Materials 7343 | -8/Materials | Evolved 2 slots: Propulsion x1, Utility x1 7660 | -8/Materials | Discovered new exit (range 15) 7662 | -8/Materials | Lost 7 parts (1p2n1u3w) 7713 | -8/Materials | Entered Factory 7713 | -7/Factory | Evolved 2 slots: Utility x1, Weapon x1 9099 | -7/Factory | Fabricated K-01 Serf (x1) 9246 | -7/Factory | Discovered new exit (range 12) 9313 | -7/Factory | First assault squad dispatched 9374 | -7/Factory | Build established: Scavenger-Skirmisher 9490 | -7/Factory | Entered another Factory area 9490 | -6/Factory | Evolved 2 slots: Utility x2 9595 | -6/Factory | Discovered new exit (range 9) 10630 | -6/Factory | Build established: Scavenger-Assassin 10904 | -6/Factory | Identified exit to Factory 11449 | -6/Factory | Build established: Scavenger-Skirmisher 11513 | -6/Factory | Repaired Hrd. Heavy Armor Plating 11606 | -6/Factory | Allied Derelicts emerged from ambush trap array 11817 | -6/Factory | Lost 3 allies 12132 | -6/Factory | Repaired Broken Exp. Sensor Array? 12192 | -6/Factory | Identified exit to Lower Caves 12242 | -6/Factory | Build established: Scavenger-Assassin 12986 | -6/Factory | Spotted B-75 Beast 13380 | -6/Factory | Garrison activated, responded to threat 13709 | -6/Factory | Build established: Scavenger-Mutant 14631 | -6/Factory | Lost 5 parts (3n2u) 15090 | -6/Factory | First assault squad dispatched 15119 | -6/Factory | Build established: Scavenger-Assassin 15256 | -6/Factory | Fabricated Biomechanical Wings? 15311 | -6/Factory | Entered Lower Caves 15316 | -6/Lower Caves | Lost 4 parts (2n2w) 15423 | -6/Lower Caves | Spotted B-75 Beast 15437 | -6/Lower Caves | A Derelict revealed a hidden shortcut to meet someone special 15437 | -6/Lower Caves | Discovered new exit (range 15) 15440 | -6/Lower Caves | Entered Data Miner 15440 | -6/Data Miner | Discovered new exit (range 6) 15446 | -6/Data Miner | Met Data Miner 15458 | -6/Data Miner | Learned location of Section 7 (-2) 15458 | -6/Data Miner | Acquired the access code to Warlord's prototype stash 15468 | -6/Data Miner | Received God Mode back door access code from Data Miner 15532 | -6/Data Miner | Entered Proximity Caves 15552 | -5/Proximity Caves | Spotted B-75 Beast 15598 | -5/Proximity Caves | Learned Factory interactive machine intel 15606 | -5/Proximity Caves | Learned Factory garrison access intel 15620 | -5/Proximity Caves | Build established: Sprinter 15823 | -5/Proximity Caves | Found Alien Artifact 15823 | -5/Proximity Caves | Identified Dimensional Node Initializer 15823 | -5/Proximity Caves | Initialized slip node 16041 | -5/Proximity Caves | Attracted the attention of an 0b10 checkpoint 16046 | -5/Proximity Caves | Learned Factory non-interactive machine intel 16056 | -5/Proximity Caves | Core integrity fell below 50% 16061 | -5/Proximity Caves | Escorted by Enhanced Grunt 16090 | -5/Proximity Caves | Lost 3 parts (1n1u1w) 16348 | -5/Proximity Caves | Build established: Mutant 16367 | -5/Proximity Caves | Attracted the attention of an 0b10 outpost 16383 | -5/Proximity Caves | Released all parts (6) 16406 | -5/Proximity Caves | Discovered exit to Factory (range 12) 16413 | -5/Proximity Caves | Lost 7 parts (1p2n2u2w) 16413 | -5/Proximity Caves | Entered Factory 16413 | -5/Factory | Evolved 2 slots: Utility x2 16414 | -5/Factory | Loaded intel: 232 non-interactive machine locations 16415 | -5/Factory | Loaded intel: 51 interactive machine locations 16416 | -5/Factory | Loaded intel: 4 garrison access locations 16905 | -5/Factory | Spotted B-75 Beast 17111 | -5/Factory | Released all parts (6) 17134 | -5/Factory | Lost 5 parts (1p2u2w) 17163 | -5/Factory | Core integrity fell below 50% 17206 | -5/Factory | Core integrity fell below 20% 17300 | -5/Factory | Destroyed by Y-64 Sentinel with Wave Gun Last Messages --------------- (67,40) - Building: P-70 Sage 17285_ Field strength at 88. 17286_ Field strength at 82. 17287_ Field strength at 76. 17288_ Field strength at 70. 17288_ K-01 Serf cleans the Terminal. 17289_ Field strength at 64. 17290_ Field strength at 58. 17291_ Field strength at 52. 17291_ K-01 Serf cleans the Fabricator. 17292_ Field strength at 46. 17293_ Field strength at 40. 17294_ Field strength at 34. 17295_ Field strength at 28. 17296_ Field strength at 22. 17297_ Field strength at 16. 17298_ Field strength at 10. 17299_ Field strength at 4. 17300_ Stasis field depleted. [Achievement: This Is Interesting...] Map ----- +----------------------------------------------------+ | ??????????????????????????????????????????????"""? | | ???????????????"""?????????????????????????????""? | | ???????????????"""?????????????????????????????""? | | ???????????????"""???????????????????????????????? | | ?????????????????????????????????????????????????? | | ???????????????"""???????????????????????????????? | | ???????????????"""???????????????????????????????? | | ???????????????"""???????????????????????????????? | | ?????????????????????????????????????????????????? | | ??????????????????????????????"""?????????????#### | | ??????????????????????? ????"""?????????????#! | | ?????????????????????? ????"""?????????????# | | ?????????????????????? ????????????????????# | | ?????????????????????? ????????????????????# | | ??????????????????????# k????????????????????? "" | | ??????????????????????# #???????????????????# "" | | ??????????????????????# k T??????????????????# "" | | ??""""?""""???????????+ ""??????????????????# | | ??""""?""""???????????# #???????????????????#### | | ??""""?""""???????????# R #??????????????????????? | | ??""""?""""???????????# ######################## | | ??""""?""""???????????# Yk | | ??""""?""""???????????# u | | ??""""?""""???????????# """ | | ??????????????????????## """ ################### | | ???????????????????????# @ "u # ???????????? | | ???????????????????????+ "F" + ! ???????????? | | ???????????????????????# """k # ?????????? | | ???????????????????????# # !! ??????? | | ???????????????????????+ #? ! #?????? | | ???????????????????????####### #? ??????? | | ?"?""????"""?????????????????# #?? ??????? | | ?"R""????"""?????????????????? #???########??????? | | ?""""????"""?????????????????? #?????????????????? | | ?????????????????????????????? #?????????????????? | | ??????????????????????????????+#?????????????????? | | ?????????????????????????????????????????????????? | | ?????????????????????????????p""?????????????????? | | ??????????????????????????????"""????????????????? | | ???????????????????????????????S"????????????????? | | ????????"""??????????????????????????????????????? | | ????????"""?????????????????"""??????????????????? | | ????????"""?????????????????"""??????????????????? | | ????????????????????????????"""??????????????????? | | ????????"""??????????????????????????????????????? | | ????????"""?????????????????"""??????????????????? | | ????????"""?????????????????"""??????????????????? | | ??????????????????""""""????"""??????????????????? | | ????????"""???????""""""?????????????????????????? | | ????????"""???????""""""?????????????????????????? | +----------------------------------------------------+ Best States ------------- Heat Dissipation 40 Energy Generation 18 Energy Capacity 310 Matter Stores 500 Matter Capacity 500 Sight Range 22 Robot Scan Range 20 Terrain Scan Density 10 Jamming Range 12 Additional Mass Support 9 Armor Coverage 750 Phase Shifting 5 Evasion (%) 64 Recoil Reduction 4 Offensive Hacking 11 Item Schematics ----------------- Rocket Launcher | -9/Materials | Scanalyzed Lgt. Armor Plating | -9/Materials | Scanalyzed Seismic Detector | -9/Materials | Scanalyzed Imp. Assault Rifle | -9/Materials | Scanalyzed Hcp. Matter Pod | -9/Materials | Scanalyzed Biomechanical Wings | -6/Factory | Scanalyzed Cld. Cesium-ion Thruster | -6/Factory | Scanalyzed Concussive RPG | -6/Factory | Scanalyzed Combat Drone Bay | -6/Data Miner | Free Lgt. Regenerative Plating | -6/Data Miner | Free Enh. Flexi-carbon Leg | -6/Data Miner | Free Prc. Energy Filter | -6/Data Miner | Free Cld. Plasma Rifle | -6/Data Miner | Free Imp. Gyrokinetic Inverter | -6/Data Miner | Free Nanoactuators | -6/Data Miner | Free Hardcell Cannon | -6/Data Miner | Free Linear Gravjet | -6/Data Miner | Free Adv. Coolant Injector | -6/Data Miner | Free Lgt. Antimatter Reactor | -6/Data Miner | Free Q-thruster | -6/Data Miner | Free Arm. Heavy Treads | -6/Data Miner | Free Robot Schematics ------------------ W-25 Informer | -6/Factory | Hacked S-27 Virus | -6/Data Miner | Free A-15 Conveyor | -6/Data Miner | Free G-50 Soldier | -6/Data Miner | Free Y-64 Sentinel | -6/Data Miner | Free Fabricated ------------ K-01 Serf | x1 | -7/Factory | Preloaded Biomechanical Wings | x1 | -6/Factory Alien Tech Used ----------------- Dimensional Node Initializer Achievements -------------- Alien Tech It Was An Accident, I Swear My Command Is Your Wish The Oracle This Is Interesting... Challenges ------------ None Game ------ Seed AluminumCouplerStreamer Manual? 0 Play Time 02:39:08 Cumulative 75.1 hours Start 2024.05.14 @ 15:53:49 End 2024.05.15 @ 09:16:04 Sessions 3 Manual Loads 0 Difficulty Rogue Special Mode None Game No. 64 Rogue 64 Adventurer 0 Explorer 0 Win Type - Total 0 Types 0/0/0/0/0/0/0/0/0 Lore% 25 Gallery% 40 Achievement% 30 Wizard Run 0 Options --------- Layout 2 ASCII 1 Keyboard 1 Movement Arrows Keybinds 0 Fullscreen 2 Font 20/SmallcapsGlow Map View 50x44 Zoom Use 0% Tactical HUD 1 Map Filters NONE Filters NONE Steam 1 RUN: 3f2f71d2-229f-46a8-8fc0-5eb508f7e14e